[Event "ICC tourney 2556 (25 5)"]
[Site "Internet Chess Club"]
[Date "2021.05.09"]
[Round "8"]
[White "CHUGH, ROHAN:K05-16024710"]
[Black "NGUYEN, KEVIN:K05-16839412"]
[Result "0-1"]
[ICCResult "White checkmated"]
[WhiteElo "1072"]
[BlackElo "705"]
[Opening "Sicilian"]
[ECO "B56"]
[NIC "SI.25"]
[Time "17:30:51"]
[PlyCount "180"]
[TimeControl "1500+5"]

1. e4 c5 2. Nf3 d6 3. Nc3 Nc6 4. d4 cxd4 5. Nxd4 Nf6 6. g3 g6 7. Bg2 Bg7 8.
O-O O-O 9. Re1 Bg4 10. Nf3 Rc8 11. Nb5 a6 12. Nc3 Ne5 13. Nd5 Nxd5 14. exd5
Qa5 15. Bd2 Qxd5 16. Nxe5 Qxg2+ 17. Kxg2 Bxd1 18. Rexd1 Bxe5 19. Bc3 Bxc3
20. bxc3 Rxc3 21. Rab1 b5 22. Rb2 Rfc8 23. Rd2 R8c7 24. Rb3 Rxc2 25. Rxc2
Rxc2 26. Ra3 Rc6 27. Kf3 Kg7 28. Ke4 e6 29. Rd3 Kf6 30. Rf3+ Kg5 31. Rxf7
Rc2 32. Kf3 Rxa2 33. Rxh7 Ra3+ 34. Kg2 b4 35. Rb7 a5 36. Rb6 b3 37. Rxd6 b2
38. Rb6 Ra2 39. Rb5+ Kf6 40. Kf3 a4 41. Kf4 b1=Q 42. Rxb1 Rxf2+ 43. Kg4
Rxh2 44. Ra1 Rh8 45. Rxa4 Re8 46. Rf4+ Kg7 47. Re4 e5 48. Kg5 Kf7 49. g4
Kg7 50. Kh4 Kf6 51. Kg3 Kg5 52. Kf3 Kh4 53. Re3 e4+ 54. Kf4 g5+ 55. Kf5 Re7
56. Kf6 Re8 57. Kf5 Re7 58. Kf6 Re8 59. Kf7 Re5 60. Kf6 Re8 61. Kf7 Re5 62.
Kf6 Re8 63. Kf7 Re5 64. Kf6 Re8 65. Kf5 Rf8+ 66. Kxe4 Kxg4 67. Rd3 Re8+ 68.
Kd4 Rd8+ 69. Kc4 Rxd3 70. Kxd3 Kf3 71. Kd2 Kf2 72. Kd3 g4 73. Ke4 g3 74.
Kf4 g2 75. Ke5 g1=Q 76. Kd6 Qg7 77. Kd5 Qe7 78. Kc6 Qd8 79. Kc5 Qd7 80. Kc4
Qd6 81. Kc3 Qd5 82. Kc2 Qd4 83. Kc1 Qd3 84. Kb2 Qc4 85. Ka3 Qb5 86. Ka2 Qb4
87. Ka1 Ke2 88. Ka2 Kd2 89. Ka1 Kc2 90. Ka2 Qa5# { White checkmated } 0-1

[Event "ICC tourney 2556 (25 5)"]
[Site "Internet Chess Club"]
[Date "2021.05.09"]
[Round "8"]
[White "PARIZIANU, PHILIP:K05-16138477"]
[Black "JOSHUA RAJESH, AADITYA:K05-16964021"]
[Result "1-0"]
[ICCResult "Black checkmated"]
[WhiteElo "1334"]
[BlackElo "989"]
[Opening "Giuoco Pianissimo: Italian four knights variation"]
[ECO "C26"]
[NIC "VG.02"]
[Time "17:31:01"]
[PlyCount "97"]
[TimeControl "1500+5"]

1. e4 e5 2. Bc4 Nf6 3. Nc3 Bc5 4. Nf3 Nc6 5. d3 h6 6. Be3 Bb6 7. Qd2 d6 8.
h3 Be6 9. Bb3 Qd7 10. g4 g5 11. O-O-O O-O-O 12. Bxb6 Bxb3 13. axb3 axb6 14.
Qe3 Qe6 15. d4 exd4 16. Nxd4 Nxd4 17. Qxd4 c6 18. Rdf1 Kc7 19. f4 Nd7 20.
Rf3 Ra8 21. Kd2 Rad8 22. Rhf1 gxf4 23. Rxf4 Rhf8 24. Qf2 Ne5 25. Rf6 Qe7
26. Rxh6 Qg5+ 27. Qe3 Qxe3+ 28. Kxe3 Kd7 29. Rhf6 Ke7 30. Ne2 Ng6 31. Ng3
Nh4 32. R6f2 f6 33. Nf5+ Nxf5+ 34. Rxf5 d5 35. R5f4 d4+ 36. Ke2 Rf7 37. e5
Rdf8 38. Rxf6 Rxf6 39. exf6+ Rxf6 40. Rxf6 Kxf6 41. Kd3 Kg5 42. Kxd4 Kh4
43. Ke5 Kxh3 44. g5 Kh4 45. g6 Kh5 46. g7 b5 47. g8=Q b6 48. Kf5 Kh4 49.
Qg4# { Black checkmated } 1-0

[Event "ICC tourney 2556 (25 5)"]
[Site "Internet Chess Club"]
[Date "2021.05.09"]
[Round "8"]
[White "BALAMURUGAN, ABHIJAY:K05-16913354"]
[Black "KUMAR, ANIRUDH:K05-30045956"]
[Result "0-1"]
[ICCResult "White checkmated"]
[WhiteElo "1242"]
[BlackElo "924"]
[Opening "Giuoco Piano"]
[ECO "C50"]
[NIC "IG.02"]
[Time "17:30:17"]
[PlyCount "194"]
[TimeControl "1500+5"]

1. e4 e5 2. Nf3 Nc6 3. Bc4 Bc5 4. O-O Nf6 5. Nc3 O-O 6. d3 h6 7. h3 d6 8.
Be3 Bb6 9. Nd5 Nxd5 10. Bxd5 Be6 11. Bxe6 fxe6 12. d4 exd4 13. Nxd4 Nxd4
14. Bxd4 e5 15. Bc3 Qe7 16. Qd5+ Rf7 17. Qxb7 Raf8 18. Qd5 Kh8 19. Be1 Qh4
20. Qd2 Qxe4 21. Qd3 Qh4 22. Qd2 Rf5 23. Kh1 Bxf2 24. Bxf2 Rxf2 25. Rxf2
Qxf2 26. Qd3 Qb6 27. Rb1 Re8 28. Qg6 Rf8 29. Qe6 Rf2 30. Qc8+ Kh7 31. Qg4
Rf4 32. Qe2 Qd4 33. g3 Qe4+ 34. Qxe4+ Rxe4 35. c3 Ra4 36. a3 Re4 37. Kg2
Re2+ 38. Kf3 Rh2 39. h4 Rd2 40. a4 Rd5 41. c4 Rd4 42. b3 a5 43. b4 Rxc4 44.
bxa5 Rxa4 45. Rb5 c6 46. Rb6 Rxa5 47. Rxc6 Rd5 48. Ke4 Rd4+ 49. Ke3 Kg6 50.
Kf3 Kf6 51. Rc8 g6 52. Rf8+ Kg7 53. Ra8 g5 54. Ra7+ Kg6 55. hxg5 hxg5 56.
Ra8 g4+ 57. Kf2 Kf5 58. Rf8+ Ke4 59. Rg8 Kd3 60. Ra8 Rc4 61. Rd8 Rd4 62.
Ra8 d5 63. Ra3+ Kc4 64. Ra4+ Kc3 65. Ra3+ Kb4 66. Ra8 Rd2+ 67. Ke3 Rd4 68.
Rb8+ Kc3 69. Rc8+ Kb4 70. Rb8+ Kc5 71. Rc8+ Kd6 72. Rd8+ Ke7 73. Ra8 Re4+
74. Kd3 Kf6 75. Rf8+ Ke7 76. Ra8 Rc4 77. Ra7+ Kd6 78. Ra6+ Rc6 79. Ra8 e4+
80. Kd4 Rc4+ 81. Ke3 Rc3+ 82. Kf4 Kc5 83. Rc8+ Kd4 84. Ra8 e3 85. Ra4+ Kd3
86. Ra1 e2 87. Kxg4 Kd2 88. Kh5 e1=Q 89. Rxe1 Kxe1 90. g4 Rc2 91. g5 Rg2
92. g6 d4 93. g7 Rxg7 94. Kh4 d3 95. Kh3 d2 96. Kh2 d1=Q 97. Kh3 Qh5# {
White checkmated } 0-1

[Event "ICC tourney 2556 (25 5)"]
[Site "Internet Chess Club"]
[Date "2021.05.09"]
[Round "8"]
[White "QIAO, MASON:K05-17196377"]
[Black "LEUNG, DOMINIC:K05-17346830"]
[Result "1-0"]
[ICCResult "Black checkmated"]
[WhiteElo "957"]
[BlackElo "648"]
[Opening "Two knights defense"]
[ECO "C58"]
[NIC "KP.01"]
[Time "17:30:59"]
[PlyCount "107"]
[TimeControl "1500+5"]

1. e4 e5 2. Nf3 Nc6 3. Bc4 Nf6 4. Ng5 d5 5. exd5 Na5 6. Bb5+ c6 7. dxc6
bxc6 8. Ba4 Bc5 9. O-O Bf5 10. c3 O-O 11. b4 Bxf2+ 12. Rxf2 Be6 13. Nxe6
fxe6 14. bxa5 Qxa5 15. Bc2 Qb6 16. d4 exd4 17. Qxd4 Qxd4 18. cxd4 Rab8 19.
Bb2 Rxb2 20. Bxh7+ Nxh7 21. Rxb2 Rd8 22. Rd2 Nf6 23. Nc3 c5 24. d5 exd5 25.
Nxd5 Rxd5 26. Rxd5 Nxd5 27. Rd1 Nb4 28. Rc1 Nxa2 29. Rxc5 a6 30. Ra5 Nb4
31. Ra4 a5 32. Rxa5 Nc6 33. Ra8+ Kh7 34. Kf2 Ne5 35. Ra5 Ng6 36. Rh5+ Kg8
37. Kf3 Nh8 38. Kg4 Ng6 39. Kg5 Nf8 40. h4 Nh7+ 41. Kf5 Kf7 42. Rxh7 Kf8
43. Kg6 Kg8 44. Rxg7+ Kf8 45. Rd7 Ke8 46. Ra7 Kd8 47. Kf6 Ke8 48. Ke6 Kd8
49. Re7 Kc8 50. Kd6 Kb8 51. Rc7 Ka8 52. Kc6 Kb8 53. Kb6 Ka8 54. Rc8# {
Black checkmated } 1-0

[Event "ICC tourney 2556 (25 5)"]
[Site "Internet Chess Club"]
[Date "2021.05.09"]
[Round "8"]
[White "GHODAKE, SPARSH:K05-16884947"]
[Black "CLARO, LUKE:K05-30079195"]
[Result "1-0"]
[ICCResult "Black checkmated"]
[WhiteElo "1242"]
[BlackElo "931"]
[Opening "English opening"]
[ECO "A13"]
[NIC "EO.64"]
[Time "17:30:31"]
[PlyCount "85"]
[TimeControl "1500+5"]

1. c4 e6 2. Nc3 Bb4 3. e4 Bxc3 4. bxc3 Qh4 5. d3 Nc6 6. Nf3 Qe7 7. Be2 Nf6
8. O-O O-O 9. Bg5 e5 10. Nd2 Qe6 11. f4 exf4 12. Rxf4 Qe5 13. Nf3 Qxc3 14.
Rc1 Qb2 15. Rc2 Qb6+ 16. Kh1 Nd4 17. Nxd4 Qxd4 18. Bxf6 gxf6 19. h3 Qe3 20.
Qf1 d6 21. Bg4 Kh8 22. Rcf2 Bxg4 23. Rxg4 Rg8 24. Rxg8+ Rxg8 25. Rxf6 Qd2
26. Rxf7 Qb2 27. Rxc7 a5 28. a3 b6 29. a4 Qe5 30. Rf7 Rg6 31. Rf8+ Kg7 32.
Qf7+ Kh6 33. Qf4+ Qxf4 34. Rxf4 Rf6 35. Rxf6+ Kh5 36. Rxd6 Kh4 37. e5 Kg3
38. e6 Kf4 39. e7 Kg3 40. e8=Q b5 41. Qf7 h5 42. Rg6+ Kh4 43. Qf4# { Black
checkmated } 1-0

[Event "ICC tourney 2556 (25 5)"]
[Site "Internet Chess Club"]
[Date "2021.05.09"]
[Round "8"]
[White "T ZHANG, ZACK:K05-16058247"]
[Black "L HUANG, ABIGAIL:K05-16809062"]
[Result "0-1"]
[ICCResult "White checkmated"]
[WhiteElo "644"]
[BlackElo "135"]
[Opening "Queen's pawn, Mason variation"]
[ECO "D00"]
[NIC "QP.08"]
[Time "17:30:56"]
[PlyCount "102"]
[TimeControl "1500+5"]

1. d4 d5 2. Bf4 Nc6 3. e3 Bf5 4. c3 e6 5. Nf3 Nf6 6. Bd3 Bxd3 7. Qxd3 Bd6
8. Bg3 O-O 9. Nbd2 Bxg3 10. hxg3 Qd7 11. g4 Rad8 12. g5 Ne4 13. Nxe4 dxe4
14. Qxe4 g6 15. Ne5 Nxe5 16. Qxe5 Qd6 17. Rd1 Qxe5 18. dxe5 Rxd1+ 19. Kxd1
Rd8+ 20. Ke2 Rd5 21. Kf3 Rxe5 22. Kf4 Rf5+ 23. Kg4 Rxf2 24. Kg3 Rxb2 25. c4
Rxa2 26. Kg4 Rxg2+ 27. Kh3 Rc2 28. Kg4 Rxc4+ 29. Kf3 a5 30. Ra1 a4 31. Ke2
b5 32. Kd3 h5 33. Ke2 Rg4 34. Kf3 Rxg5 35. Kf4 Rf5+ 36. Ke4 h4 37. Rh1 Rh5
38. Kf4 h3 39. Kg3 h2 40. Rxh2 Rxh2 41. Kxh2 a3 42. Kg3 a2 43. Kg4 a1=Q 44.
Kg5 b4 45. Kh6 b3 46. e4 b2 47. e5 b1=Q 48. Kg5 Qg1+ 49. Kf6 Qaf1+ 50. Ke7
Qg5+ 51. Ke8 Qb5# { White checkmated } 0-1

[Event "ICC tourney 2556 (25 5)"]
[Site "Internet Chess Club"]
[Date "2021.05.09"]
[Round "8"]
[White "HARDIKAR, RISHI:K05-17067607"]
[Black "KARPENKO, OSKAR:K05-16342416"]
[Result "1-0"]
[ICCResult "Black checkmated"]
[WhiteElo "255"]
[BlackElo "811"]
[Opening "Caro-Kann: classical variation"]
[ECO "B18"]
[NIC "CK.10"]
[Time "17:31:19"]
[PlyCount "47"]
[TimeControl "1500+5"]

1. e4 c6 2. d4 d5 3. Nc3 dxe4 4. Nxe4 Bf5 5. Nc3 e6 6. Bf4 c5 7. d5 Bd6 8.
Bg3 Bxg3 9. hxg3 Nf6 10. Qd2 Nxd5 11. Nxd5 Qxd5 12. Bb5+ Nc6 13. O-O-O Qxa2
14. Qd7+ Kf8 15. Qd6+ Ke8 16. Bxc6+ bxc6 17. Nf3 Qa1+ 18. Kd2 Qa5+ 19. Ke2
Qb5+ 20. Ke3 Bxc2 21. Ne5 Qb7 22. Nxc6 Bxd1 23. Rxd1 Qc8 24. Qe7# { Black
checkmated } 1-0

[Event "ICC tourney 2556 (25 5)"]
[Site "Internet Chess Club"]
[Date "2021.05.09"]
[Round "8"]
[White "SRINIVASAN, AATHYANDH:K05-16827837"]
[Black "WANG JIA, TRISTAN:K05-17245906"]
[Result "0-1"]
[ICCResult "White resigns"]
[WhiteElo "543"]
[BlackElo "887"]
[Opening "Giuoco Piano: four knights variation"]
[ECO "C55"]
[NIC "IG.01"]
[Time "17:31:24"]
[PlyCount "87"]
[TimeControl "1500+5"]

1. e4 e5 2. Nf3 Nc6 3. Bc4 Nf6 4. Nc3 Bc5 5. O-O d6 6. h3 Be6 7. d3 Bxc4 8.
dxc4 Qd7 9. Re1 O-O-O 10. Be3 Bxe3 11. Rxe3 Rdg8 12. Nd5 Nxd5 13. cxd5 Ne7
14. Ra3 Kb8 15. Qe1 a6 16. Qe2 g5 17. Rb3 Kc8 18. Rd3 g4 19. hxg4 Qxg4 20.
g3 Qh3 21. Qf1 Qg4 22. Nh2 Qxe4 23. Re1 Qc4 24. Rf3 Qxd5 25. Rd1 Qxa2 26.
b3 Qxc2 27. Rxf7 Nc6 28. Rf3 Nd4 29. Rfd3 Qc6 30. Rc1 Qd5 31. b4 h5 32.
Rcd1 h4 33. R1d2 hxg3 34. Rxg3 Rxg3+ 35. fxg3 Nf3+ 36. Qxf3 Qxd2 37. Qf5+
Kb8 38. Nf3 Qe3+ 39. Kg2 Qe2+ 40. Kg1 Qd1+ 41. Kg2 Rh1 42. Qf8+ Ka7 43. g4
Qf1+ 44. Kg3 { White resigns } 0-1

[Event "ICC tourney 2556 (25 5)"]
[Site "Internet Chess Club"]
[Date "2021.05.09"]
[Round "8"]
[White "LIN, LEIA:K05-17110828"]
[Black "JAVERI, KIAAN:K05-16378244"]
[Result "1-0"]
[ICCResult "Black resigns"]
[WhiteElo "1256"]
[BlackElo "915"]
[Opening "Ruy Lopez: Berlin defense, 4.O-O"]
[ECO "C65"]
[NIC "RL.07"]
[Time "17:30:19"]
[PlyCount "49"]
[TimeControl "1500+5"]

1. e4 e5 2. Nf3 Nc6 3. Bb5 Nf6 4. O-O Be7 5. Re1 d6 6. d4 Bd7 7. Bxc6 Bxc6
8. d5 Bd7 9. Nc3 Bg4 10. h3 Bh5 11. Qd3 Bg6 12. Nh4 Nh5 13. Nxg6 fxg6 14.
Qb5+ c6 15. dxc6 O-O 16. cxb7 Rb8 17. Be3 Bh4 18. g3 Bg5 19. Bxa7 Qf6 20.
Rf1 Bf4 21. Bxb8 Rxb8 22. Qe2 Bxg3 23. fxg3 Nxg3 24. Qc4+ d5 25. Qxd5+ {
Black resigns } 1-0

[Event "ICC tourney 2556 (25 5)"]
[Site "Internet Chess Club"]
[Date "2021.05.09"]
[Round "8"]
[White "LU, YIDING:K05-16857692"]
[Black "ENMING LIN, BRYAN:K05-30020975"]
[Result "0-1"]
[ICCResult "White checkmated"]
[WhiteElo "1733"]
[BlackElo "1192"]
[Opening "Réti: King's Indian attack (Barcza system)"]
[ECO "A07"]
[NIC "QP.09"]
[Time "17:30:03"]
[PlyCount "184"]
[TimeControl "1500+5"]

1. Nf3 d5 2. g3 Nf6 3. Bg2 c5 4. O-O Nc6 5. c4 e6 6. d4 Bd6 7. Nc3 cxd4 8.
Nxd4 O-O 9. cxd5 exd5 10. Nxd5 Nxd5 11. Bxd5 Bxg3 12. Nxc6 Bxh2+ 13. Kxh2
Qh4+ 14. Kg1 bxc6 15. Bg2 Bh3 16. Qd3 Bxg2 17. Kxg2 Qg4+ 18. Qg3 Qxe2 19.
Bf4 Qe4+ 20. f3 Qg6 21. Rac1 Rac8 22. Rfd1 f6 23. Qxg6 hxg6 24. Rd6 Rfe8
25. Kf2 g5 26. Be3 Rb8 27. b3 a5 28. Rdxc6 a4 29. bxa4 Ra8 30. R1c4 Reb8
31. Rb6 Rd8 32. a5 Rxa5 33. a4 Rda8 34. Rbb4 R5a6 35. Bb6 Kh7 36. a5 Kg6
37. Rb5 Kh7 38. Kg3 Kg6 39. Kg4 Rf8 40. Rc6 Rh8 41. Rxg5+ Kf7 42. Rd5 Rh1
43. Rd7+ Kg6 44. f4 Rh2 45. f5+ Kh7 46. Kg3 Rh5 47. Rd5 Rg5+ 48. Kf4 Rh5
49. Ke4 Rh4+ 50. Kd3 Rh3+ 51. Kc4 Rh1 52. Rd8 Rb1 53. Rcc8 Kh6 54. Kd5 Kg5
55. Kc6 Kxf5 56. Kb7 Rxa5 57. Rd4 Rab5 58. Rc6 g5 59. Kc7 g4 60. Rdd6 Rxb6
61. Rxb6 Rxb6 62. Rxb6 g3 63. Rb3 Kg4 64. Kd6 f5 65. Ke5 f4 66. Ke4 g2 67.
Rb8 Kg3 68. Rb1 f3 69. Rb3 g1=Q 70. Rxf3+ Kg4 71. Rf4+ Kg5 72. Rf5+ Kg6 73.
Rf4 Qb1+ 74. Kf3 Qd3+ 75. Kg4 Qd1+ 76. Kh3 Kg5 77. Rf2 Qh1+ 78. Kg3 Qg1+
79. Rg2 Qe3+ 80. Kh2+ Kf4 81. Kh1 Qe1+ 82. Rg1 Qh4+ 83. Kg2 Qg4+ 84. Kh2
Qh4+ 85. Kg2 Ke3 86. Rf1 Ke2 87. Rh1 Qe4+ 88. Kg1 Ke1 89. Rh2 Qe3+ 90. Kh1
Qf3+ 91. Rg2 Kf1 92. Kh2 Qxg2# { White checkmated } 0-1

[Event "ICC tourney 2556 (25 5)"]
[Site "Internet Chess Club"]
[Date "2021.05.09"]
[Round "8"]
[White "CHEN, LAFAYETTE:K05-16910808"]
[Black "YOU, ANDREW:K05-17094697"]
[Result "1-0"]
[ICCResult "Black checkmated"]
[WhiteElo "1483"]
[BlackElo "1090"]
[Opening "English opening"]
[ECO "A10"]
[NIC "EO.64"]
[Time "17:30:41"]
[PlyCount "87"]
[TimeControl "1500+5"]

1. c4 Nc6 2. Nc3 Nf6 3. g3 g6 4. Bg2 Bg7 5. e4 d6 6. Nge2 Bd7 7. O-O O-O 8.
d3 Qc8 9. f4 Bh3 10. f5 Bg4 11. h3 Bxe2 12. Nxe2 Qd7 13. Be3 Ne5 14. Qd2
Qc6 15. Nd4 Qd7 16. Rad1 e6 17. fxe6 fxe6 18. Nf3 Nxf3+ 19. Bxf3 Rf7 20.
Bh6 Raf8 21. Bxg7 Kxg7 22. Bg2 Ng8 23. Qc3+ Nf6 24. e5 Ne8 25. exd6+ Kg8
26. dxc7 Qxc7 27. Kh2 Nf6 28. d4 Nh5 29. b3 Rxf1 30. Rxf1 Rxf1 31. Bxf1 Kf7
32. Bg2 Kf6 33. Qf3+ Kg5 34. h4+ Kh6 35. Qf8+ Ng7 36. Bxb7 e5 37. dxe5 Qxe5
38. Qf4+ Qxf4 39. gxf4 Nf5 40. c5 Ne7 41. c6 Nxc6 42. Bxc6 Kh5 43. Kg3 h6
44. Bf3# { Black checkmated } 1-0

[Event "ICC tourney 2556 (25 5)"]
[Site "Internet Chess Club"]
[Date "2021.05.09"]
[Round "8"]
[White "KALE, VIHAAN:K05-16144616"]
[Black "MANIMARAN, SHIVANI:K05-16614018"]
[Result "1-0"]
[ICCResult "Black checkmated"]
[WhiteElo "1175"]
[BlackElo "866"]
[Opening "Dutch defense, Rubinstein variation"]
[ECO "A84"]
[NIC "HD.10"]
[Time "17:30:30"]
[PlyCount "141"]
[TimeControl "1500+5"]

1. d4 f5 2. c4 e6 3. Nc3 Nf6 4. Bg5 Be7 5. Nf3 h6 6. Bh4 Nc6 7. e3 O-O 8.
Bd3 d5 9. cxd5 Nxd5 10. Bxe7 Qxe7 11. O-O Nxc3 12. bxc3 f4 13. Re1 Qd7 14.
Bb5 a6 15. Ne5 Qd6 16. Bxc6 bxc6 17. Ng6 Rf7 18. Nxf4 Bb7 19. Qb3 Bc8 20.
c4 c5 21. Rad1 Qc6 22. dxc5 Qxc5 23. Rd8+ Rf8 24. Rxf8+ Kxf8 25. Ng6+ Kg8
26. Nf4 a5 27. Qb5 Qxb5 28. cxb5 Kf7 29. h3 Rb8 30. Rb1 Bd7 31. a4 Kf6 32.
Rc1 Rc8 33. Nd3 Ke7 34. Nc5 Kd6 35. Nb7+ Ke7 36. Nxa5 Kd8 37. Nc6+ Bxc6 38.
Rxc6 Kd7 39. a5 Ra8 40. a6 Rb8 41. a7 Ra8 42. Ra6 e5 43. Kf1 Kc8 44. Rg6
Rxa7 45. Rxg7 Rb7 46. Rh7 Rxb5 47. Rxh6 Rb1+ 48. Ke2 Rb2+ 49. Kf3 Rb5 50.
g4 c5 51. h4 c4 52. Rc6+ Kb7 53. Rxc4 Rd5 54. h5 Rd8 55. h6 Rh8 56. g5 Rg8
57. Rg4 Kc6 58. g6 Kd5 59. h7 Rh8 60. g7 Rxh7 61. g8=Q+ Kd6 62. Qxh7 Kd5
63. Qd7+ Kc5 64. Rg5 Kc4 65. Rxe5 Kc3 66. Qd4+ Kc2 67. Rc5+ Kb3 68. Qc4+
Ka3 69. Qa6+ Kb4 70. Qb6+ Ka3 71. Ra5# { Black checkmated } 1-0

[Event "ICC tourney 2556 (25 5)"]
[Site "Internet Chess Club"]
[Date "2021.05.09"]
[Round "8"]
[White "KONDABATHINI, NAMISH:K05-16992657"]
[Black "LUO, WESLEY:K05-16424622"]
[Result "1-0"]
[ICCResult "Black checkmated"]
[WhiteElo "1076"]
[BlackElo "1673"]
[Opening "QGD semi-Slav"]
[ECO "D43"]
[NIC "QO.16"]
[Time "17:30:36"]
[PlyCount "109"]
[TimeControl "1500+5"]

1. d4 d5 2. c4 e6 3. Nc3 Nf6 4. Nf3 c6 5. Bf4 Bd6 6. Bxd6 Qxd6 7. e3 Nbd7
8. c5 Qc7 9. Be2 b6 10. cxb6 axb6 11. O-O O-O 12. h3 Ba6 13. Bxa6 Rxa6 14.
Qe2 Rfa8 15. a3 b5 16. Rac1 Qd6 17. Rfd1 Nb6 18. Ne5 Nfd7 19. Nxd7 Qxd7 20.
Rc2 Nc4 21. Rdc1 g6 22. Na2 e5 23. Nb4 Rb6 24. dxe5 Nxe5 25. Qd2 Rc8 26.
Nxd5 Nc4 27. Nf6+ Kg7 28. Nxd7 Nxd2 29. Nxb6 Rb8 30. Rxd2 Rxb6 31. Rd6 b4
32. Rdxc6 Rb5 33. axb4 Rxb4 34. R1c2 h5 35. Kf1 f6 36. R6c4 Rb8 37. Ke2 g5
38. Rc8 Rb5 39. Kd3 f5 40. Kc4 Ra5 41. b4 Ra4 42. Kc5 Kf6 43. b5 Ke6 44.
Rc6+ Kd7 45. Kd5 Ra5 46. R2c5 f4 47. b6 Ra1 48. b7 Rb1 49. Rc7+ Ke8 50.
Rc8+ Kf7 51. b8=Q Rxb8 52. R5c7+ Kf6 53. Rxb8 fxe3 54. Rb6+ Kf5 55. Rf7# {
Black checkmated } 1-0

[Event "ICC tourney 2556 (25 5)"]
[Site "Internet Chess Club"]
[Date "2021.05.09"]
[Round "8"]
[White "RIAZ, RAYHAN:K05-16543002"]
[Black "SAENZ, DANIEL:K05-16885041"]
[Result "1-0"]
[ICCResult "Black resigns"]
[WhiteElo "1478"]
[BlackElo "1018"]
[Opening "Dutch defense, Rubinstein variation"]
[ECO "A84"]
[NIC "HD.10"]
[Time "17:31:05"]
[PlyCount "81"]
[TimeControl "1500+5"]

1. d4 f5 2. c4 e6 3. Nc3 d5 4. Nf3 Nf6 5. Bg5 c6 6. e3 Bd6 7. c5 Bc7 8. Bd3
O-O 9. O-O b6 10. b4 a5 11. a3 Ba6 12. Bxa6 Rxa6 13. Qe2 bxc5 14. bxc5 Ra8
15. a4 Nbd7 16. Rab1 e5 17. dxe5 Nxe5 18. Nd4 Neg4 19. h3 Ne5 20. Nxf5 Qd7
21. Nd4 Nc4 22. Nd1 Ne4 23. Bh4 Ncd2 24. Rb2 Nxf1 25. Qxf1 Bd8 26. Bxd8
Raxd8 27. Qa6 Nxc5 28. Qxa5 Nd3 29. Rd2 Ne5 30. Nb2 Ra8 31. Qc3 Rf6 32. a5
Rg6 33. e4 Qxh3 34. Qxh3 Rf8 35. Nf5 Ng4 36. Ne7+ Kf7 37. Nxg6 Kxg6 38.
Qxg4+ Kf7 39. Qf5+ Kg8 40. Qe6+ Kh8 41. exd5 { Black resigns } 1-0

[Event "ICC tourney 2556 (25 5)"]
[Site "Internet Chess Club"]
[Date "2021.05.09"]
[Round "8"]
[White "RAGHAV JEGAN, ASHWIN:K05-16548454"]
[Black "ROEDERER, JUDSON:K05-15626320"]
[Result "0-1"]
[ICCResult "White checkmated"]
[WhiteElo "668"]
[BlackElo "1212"]
[Opening "Scandinavian (center counter) defense"]
[ECO "B01"]
[NIC "VO.17"]
[Time "17:30:57"]
[PlyCount "114"]
[TimeControl "1500+5"]

1. e4 d5 2. e5 c5 3. d4 Nc6 4. dxc5 e6 5. Nf3 Bxc5 6. Bb5 Bd7 7. O-O Nge7
8. Bd2 O-O 9. Nc3 Qb6 10. a4 a6 11. Be2 Qxb2 12. Ra2 Qb6 13. Nb1 Ng6 14. a5
Qc7 15. Re1 Ngxe5 16. Nxe5 Nxe5 17. Bf4 Bd6 18. Bf1 Ng6 19. Bxd6 Qxd6 20.
Ra3 Rac8 21. Rb3 Bc6 22. Ree3 Qd8 23. Qe1 Qe7 24. Bd3 Qf6 25. Rf3 Qe7 26.
h3 Qd6 27. Bxg6 fxg6 28. Rxf8+ Rxf8 29. Re3 Re8 30. Rd3 Ba4 31. c4 Bc6 32.
Qd1 h6 33. Nc3 Rd8 34. Qg4 Kh7 35. Qd1 Qc5 36. cxd5 Bxd5 37. Na4 Qxa5 38.
Nc3 Qc5 39. Na4 Qc6 40. Rc3 Qd7 41. Nb6 Qd6 42. Nxd5 Qxd5 43. Qxd5 exd5 44.
Rc7 b5 45. Ra7 Rd6 46. Rb7 d4 47. Rb8 d3 48. Rc8 d2 49. Rc2 d1=Q+ 50. Kh2
Qxc2 51. f3 Rd2 52. Kg3 Qc7+ 53. f4 Qc3+ 54. Kg4 Rxg2+ 55. Kh4 g5+ 56. fxg5
hxg5+ 57. Kh5 Qxh3# { White checkmated } 0-1

[Event "ICC tourney 2556 (25 5)"]
[Site "Internet Chess Club"]
[Date "2021.05.09"]
[Round "8"]
[White "YU, ZIRAN:K05-30074850"]
[Black "SAHASRABUDHE, KIAN:K05-17071227"]
[Result "1/2-1/2"]
[ICCResult "Game drawn by repetition"]
[WhiteElo "795"]
[BlackElo "121"]
[Opening "Giuoco Piano"]
[ECO "C54"]
[NIC "IG.02"]
[Time "17:31:24"]
[PlyCount "239"]
[TimeControl "1500+5"]

1. e4 e5 2. Nf3 Nc6 3. Bc4 Bc5 4. c3 Nf6 5. d4 exd4 6. cxd4 Bb4+ 7. Bd2
Bxd2+ 8. Nbxd2 d5 9. exd5 Nxd5 10. O-O O-O 11. Ne4 Be6 12. Nfg5 Qe7 13. Qh5
h6 14. Nxe6 fxe6 15. Rad1 Rf5 16. Qg6 Rf4 17. g3 Rff8 18. f4 Nf6 19. g4
Nxe4 20. Qxe4 Rae8 21. Qg6 Qf6 22. Qe4 Qe7 23. Rfe1 Rf6 24. g5 hxg5 25.
fxg5 Rff8 26. g6 Qg5+ 27. Kh1 Nd8 28. d5 Qf6 29. dxe6 Nxe6 30. Bxe6+ Kh8
31. Re3 Rxe6 32. Qxe6 Qxe6 33. Rxe6 c6 34. Rd7 Rb8 35. Ree7 Rg8 36. Rxb7 c5
37. Rxa7 c4 38. Rad7 c3 39. bxc3 Rb8 40. Kg2 Rb2+ 41. Kf3 Rb8 42. c4 Rc8
43. Rc7 Rf8+ 44. Rf7 Rd8 45. Ke4 Re8+ 46. Rfe7 Rf8 47. Ke5 Rd8 48. Ke6 Rf8
49. Rf7 Re8+ 50. Rce7 Rd8 51. Rxg7 Rd6+ 52. Ke5 Rd5+ 53. Ke4 Rd4+ 54. Ke3
Rd3+ 55. Kf2 Rf3+ 56. Ke1 Rf1+ 57. Kd2 Rd1+ 58. Kc3 Rc1+ 59. Kd4 Rxc4+ 60.
Kd5 Rc5+ 61. Kd6 Rc6+ 62. Kd7 Rc7+ 63. Ke6 Rc6+ 64. Kf5 Rf6+ 65. Ke5 Rf5+
66. Kd6 Rd5+ 67. Ke6 Re5+ 68. Kf7 Rf5+ 69. Ke8 Rf8+ 70. Kd7 Rd8+ 71. Kc6
Rd6+ 72. Kb7 Rb6+ 73. Kc8 Rb8+ 74. Kc7 Rb7+ 75. Kd8 Rb8+ 76. Kd7 Rb7+ 77.
Ke8 Rb8+ 78. Kf7 Rf8+ 79. Ke6 Rf6+ 80. Ke5 Rf5+ 81. Kd4 Rd5+ 82. Ke4 Rd4+
83. Kf5 Rf4+ 84. Kg5 Rg4+ 85. Kh5 Rg5+ 86. Kh4 Rg4+ 87. Kh3 Rg3+ 88. Kh4
Rg4+ 89. Kh5 Rg5+ 90. Kh4 Rg4+ 91. Kh5 Rg5+ 92. Kh4 Rg4+ 93. Kh3 Rg3+ 94.
Kh4 Rg4+ 95. Kh5 Rg5+ 96. Kh4 Rg4+ 97. Kh3 Rg3+ 98. Kh4 Rg4+ 99. Kh5 Rg5+
100. Kh4 Rg4+ 101. Kh3 Rg3+ 102. Kh4 Rg4+ 103. Kh5 Rg5+ 104. Kh4 Rg4+ 105.
Kh3 Rg3+ 106. Kh4 Rg4+ 107. Kh5 Rg5+ 108. Kh4 Rg4+ 109. Kh3 Rg3+ 110. Kh4
Rg4+ 111. Kh5 Rg5+ 112. Kh4 Rg4+ 113. Kh3 Rg3+ 114. Kh4 Rg4+ 115. Kh5 Rg5+
116. Kh4 Rg4+ 117. Kh3 Rg3+ 118. Kh4 Rg4+ 119. Kh5 Rg5+ 120. Kh4 { Game
drawn by repetition } 1/2-1/2

[Event "ICC tourney 2556 (25 5)"]
[Site "Internet Chess Club"]
[Date "2021.05.09"]
[Round "8"]
[White "BERTI, ANDREW:K05-16787803"]
[Black "SHENVI PRIOLKAR, ANSH:K05-30065668"]
[Result "0-1"]
[ICCResult "White checkmated"]
[WhiteElo "1222"]
[BlackElo "941"]
[Opening "Center game: Paulsen attack"]
[ECO "C22"]
[NIC "KP.04"]
[Time "17:30:43"]
[PlyCount "48"]
[TimeControl "1500+5"]

1. e4 e5 2. d4 exd4 3. Qxd4 Nc6 4. Qe3 Be7 5. Nc3 d6 6. Bd2 Nf6 7. O-O-O
Be6 8. f4 d5 9. exd5 Nxd5 10. Nxd5 Qxd5 11. b3 Qf5 12. Bd3 Qf6 13. c3 a5
14. Bc2 Nb4 15. cxb4 Qa1+ 16. Bb1 Bf5 17. Bc3 Qxb1+ 18. Kd2 Rd8+ 19. Bd4
Qc2+ 20. Ke1 O-O 21. Qg3 Bxb4+ 22. Kf1 Qxd1+ 23. Kf2 Be1+ 24. Kf1 Bxg3# {
White checkmated } 0-1

[Event "ICC tourney 2556 (25 5)"]
[Site "Internet Chess Club"]
[Date "2021.05.09"]
[Round "8"]
[White "VELAMURU, SREEKAR:K05-17024815"]
[Black "SUNG, JASON:K05-16250294"]
[Result "1-0"]
[ICCResult "Black checkmated"]
[WhiteElo "423"]
[BlackElo "802"]
[Opening "KP: Indian opening"]
[ECO "C20"]
[NIC "KP.10"]
[Time "17:30:40"]
[PlyCount "71"]
[TimeControl "1500+5"]

1. e4 e5 2. d3 Nf6 3. g3 Nc6 4. Bg2 Bc5 5. Ne2 O-O 6. O-O d6 7. Nbc3 Bg4 8.
h3 Bxe2 9. Qxe2 d5 10. Nxd5 Nxd5 11. exd5 Nd4 12. Qd1 c6 13. c3 Nf5 14. Qh5
g6 15. Qd1 cxd5 16. c4 dxc4 17. dxc4 Qxd1 18. Rxd1 Ne3 19. Bxe3 Bxe3 20.
fxe3 e4 21. Bxe4 Rfe8 22. Bxb7 Rab8 23. Bc6 Rxe3 24. Rd7 Rxg3+ 25. Kf2 Rxh3
26. Rxa7 Rh5 27. b3 Rh2+ 28. Kg3 Re2 29. Rf1 Re3+ 30. Kf4 Rd3 31. Ke4 Rh3
32. Rfxf7 Rh4+ 33. Ke5 Rh5+ 34. Ke6 Rh4 35. Rg7+ Kf8 36. Raf7# { Black
checkmated } 1-0